 Dungeon Crawl Stone Soup version 0.32-a0-666-ge8a88695a4 (webtiles) character file.

Game seed: 2563141398148076037

63 ASSMAN the Cudgeller (level 3, 0/8 (29) HPs)
             Began as a Mountain Dwarf Reaver on Mar 9, 2024.
             Slain by an adder (4 damage)
             ... on level 2 of the Dungeon.
             The game lasted 00:02:14 (1633 turns).

ASSMAN the Cudgeller (Mountain Dwarf Reaver)        Turns: 1633, Time: 00:02:17

HP:   0/8 (29)      AC:  3    Str: 14    XL:     3   Next: 87%
MP:   5/5           EV: 11    Int: 15    God:
Gold: 72            SH:  0    Dex:  8    Spells: 4/5 levels left

rFire   . . .        a - +0 mace
rCold   . . .        (no shield)
rNeg    . . .        b - +0 leather armour
rPois   .            (no helmet)
rElec   .            (no cloak)
rCorr   .            (no gloves)
SInv    .            (no boots)
Will    .....        (no amulet)
Stlth   +            (no ring)
HPRegen 0.21/turn    (no ring)
MPRegen 0.09/turn

%: no passive effects
@: extremely drained
A: runic magic, artefact enchanting
a: no special abilities


You were on level 2 of the Dungeon.
You visited 1 branch of the dungeon, and saw 2 of its levels.

You collected 72 gold pieces.

Inventory:

Hand Weapons
 a - a +0 mace (weapon)
Armour
 b - a +0 leather armour (worn)
Scrolls
 c - 2 scrolls of identify {unknown}
 d - a scroll of blinking {unknown}
 e - 2 scrolls of teleportation {unknown}
 g - a scroll of torment {unknown}
 h - a scroll of poison {unknown}
 i - a scroll of fear {unknown}
Potions
 f - a potion of lignification {unknown}
 j - a potion of mutation {unknown}


   Skills:
 - Level 2.1 Fighting
 + Level 4.8 Maces & Flails
 - Level 1.3 Dodging
 - Level 1.7 Spellcasting
 + Level 3.6 Conjurations


You had 4 spell levels left.
You knew the following spells:

 Your Spells              Type           Power      Damage    Failure   Level
a - Kiss of Death         Conj/Necr      24%        2d7       11%         1

Your spell library contained the following spells:

 Spells                   Type           Power      Damage    Failure   Level
 Momentum Strike          Conj/Tloc      12%        3d8       17%         2
 Hailstorm                Conj/Ice       6%         3d5       32%         3


Dungeon Overview and Level Annotations

Branches:
Dungeon (2/15)

Altars:


Innate Abilities, Weirdness & Mutations

Your spellcasting is much less encumbered by armour.
You can use scrolls of enchantment on lesser artefacts.


Message History

You kill the ball python!
You closely miss the goblin. The goblin hits you with a +0 dagger.
The goblin barely misses you.
You closely miss the goblin. The goblin hits you but does no damage.
Casting: Kiss of Death (safe; 11% risk of failure)
Confirm with . or Enter, or press ? or * to list all spells.
Aiming: Kiss of Death (safe; 11% risk of failure)
Press: ? - help, Shift-Dir - straight line, f - goblin
Aim: a goblin, wielding a +0 dagger (100% to hit)
The fragment of death hits the goblin.
The goblin is drained!
You kill the goblin!
You feel drained.
No target in view!
Magic restored.
You see here a +0 dagger.
An adder comes into view.
The adder hisses angrily.
An adder is nearby!
An adder is nearby!
An adder is nearby!
You closely miss the adder. The adder bites you but does no damage.
The adder completely misses you.
You hit the adder.
The adder is moderately wounded.
The adder bites you.
You are poisoned.
The adder poisons you!
You hit the adder.
The adder is severely wounded.
You feel sick. The adder closely misses you. The adder misses you.
You barely miss the adder.
The adder is severely wounded.
You feel sick. The adder bites you but does no damage.
You barely miss the adder.
The adder is severely wounded.
You feel sick.
You are no longer poisoned.
The adder barely misses you. The adder bites you.
Ouch! That really hurt!
You die...

### ..#
#.# #.#
#.# #.#
####S#
##.##@#
####.....#
+.......##
####...##
##..# ##)#
#####.#
#+#
#.....#
#.#
#.#####


You could see an adder.

Vanquished Creatures
  3 adders (D:2)
  A ribbon worm (D:2)
  2 ball pythons
  2 endoplasms (D:1)
  2 giant cockroaches (D:1)
  3 goblins
  3 hobgoblins (D:1)
  3 kobolds (D:1)
  4 quokkas
  5 bats
  2 frilled lizards (D:1)
  3 rats
33 creatures vanquished.

Notes
Turn   | Place    | Note
-------+----------+-------------------------------------------
     0 | D:1      | ASSMAN the Mountain Dwarf Reaver began the quest for the
                  | Orb.
     0 | D:1      | Reached XP level 1. HP: 17/17 MP: 3/3
    98 | D:1      | Reached skill level 4 in Maces & Flails
   177 | D:1      | Reached XP level 2. HP: 3/21 MP: 2/4
   849 | D:2      | Reached XP level 3. HP: 24/25 MP: 3/5
  1633 | D:2      | Slain by an adder

Illustrated notes

Levels and vault maps discovered:
D:1:      tarquinn_simple_flora_water_b, layout_rooms, minmay_crystal_room,
          minmay_misc_feat_room, chequers_serial_rivers_large_a
D:2:      layout_loops_corners

Skill      XL: |  1 |
---------------+----+-----
Maces & Flails | 4 |  4.8
Conjurations   | 3 |  3.6
Fighting       | |  2.1
Dodging        | |  1.3
Spellcasting   | |  1.7

Action                     || total
---------------------------++-------
  Melee: Mace              ||   138
   Cast: Kiss of Death     ||     6
    Use: Potion            ||     1
 Armour: Leather armour    ||   122
  Dodge: Dodged            ||    94

Table legend: (Time is in decaauts)
 A = Elapsed time spent in this place.
 B = Non-inter-level travel time spent in this place.
 C = Inter-level travel time spent in this place.
 D = Time resting spent in this place.
 E = Time spent auto-exploring this place.
 F = Levels seen in this place.
 G = Mean time per level.
                   A        B        C        D        E       F      G
               +--------+--------+--------+--------+--------+-----+--------+
         Total |   1669 |   1653 |     16 |     51 |   1324 |   2 |  834.5 |
       Dungeon |   1669 |   1653 |     16 |     51 |   1324 |   2 |  834.5 |
               +--------+--------+--------+--------+--------+-----+--------+

Top non-repeatable levels by time:
     D:2: 915 daAuts
     D:1: 753 daAuts
